 Dungeon Crawl Stone Soup version 0.31.0-7-gf635a9b802 (webtiles) character file.

Game seed: 1407909853319519894

10 petercordia the Ruffian (level 2, -2/21 HPs)
             Began as a Demonspawn Shapeshifter on Jan 23, 2024.
             Slain by a gnoll
             ... wielding a +0 spear
              (6 damage)
             ... on level 1 of the Dungeon.
             The game lasted 00:00:49 (566 turns).

petercordia the Ruffian (Demonspawn Shapeshifter)    Turns: 566, Time: 00:00:50

Health: -2/21      AC:  3    Str: 14    XL:     2   Next: 10%
Magic:  2/2        EV: 12    Int: 10    God:
Gold:   42         SH:  0    Dex: 12    Spells: 1/1 levels left

rFire   . .          .
                       - Unarmed
rCold   . . .        (no shield)
rNeg    . . .        a - +0 animal skin
rPois   .            (helmet currently unavailable)
rElec   .            (cloak currently unavailable)
rCorr   .            (gloves currently unavailable)
SInv    .            (boots currently unavailable)
Will    .....        (no amulet)
Stlth   +            (no ring)
HPRegen 0.23/turn    (no ring)
MPRegen 0.08/turn

%: no passive effects
@: beast-form
A: beast (slay +1), rugged brown scales 1
a: Begin Untransformation


You were on level 1 of the Dungeon.
You were a hulking beast.
You visited 1 branch of the dungeon, and saw 1 of its levels.

You collected 42 gold pieces.

Inventory:

Missiles
 e - 11 stones (quivered)
Armour
 a - a +0 animal skin (worn)
Talismans
 c - a beast talisman
 d - a flux talisman
Scrolls
 f - a scroll of amnesia {unknown}
Potions
 b - 2 potions of lignification


   Skills:
 + Level 1.2 Fighting
 + Level 2.0 Dodging
 * Level 2.9 Unarmed Combat
 + Level 2.8 Shapeshifting


You had one spell level left.
You didn't know any spells.
Your spell library was empty.

Dungeon Overview and Level Annotations

Branches:
Dungeon (1/15)

Altars:


Innate Abilities, Weirdness & Mutations

You are a hulking beast.
Your limbs bulge with bestial killing power. (Slay +1)
You are partially covered in rugged brown scales. (AC +1, +3% HP)


Message History

You hit the goblin.
The goblin is heavily wounded.
The goblin hits you with a +0 dagger.
You closely miss the goblin.
The goblin is heavily wounded.
The goblin misses you.
You hit the goblin.
You kill the goblin!
You have reached level 2!
Your demonic ancestry asserts itself...
Rugged brown scales grow over part of your body.
You see here a +0 dagger.
Found a stone staircase leading down.
You now have 42 gold pieces (gained 14).
There is a stone staircase leading down here.
A gnoll and a goblin come into view.
The gnoll shouts!
The goblin shouts!
You hear a bark!
You hear a loud squeak.
A jackal comes into view.
You hit the goblin. You punch the goblin.
You kill the goblin!
The gnoll hits you from afar with a +0 spear.
A rat comes into view.
Your Dodging skill increases to level 2!
The jackal bites you but does no damage.
The gnoll completely misses you. The jackal bites you.
You see here a +0 club.
You hit the gnoll.
The gnoll is moderately wounded.
The jackal barely misses you. The gnoll hits you with a +0 spear!
You are too injured to fight recklessly!
You are too injured to fight recklessly!
You hit the gnoll.
The gnoll is severely wounded.
The jackal misses you. The gnoll misses you.
You barely miss the gnoll.
The gnoll is severely wounded.
The jackal bites you.
* * * LOW HITPOINT WARNING * * *
The gnoll hits you with a +0 spear.
You die...

## # ##. .# #. ##.. # ..#
###.##...#. #..# ..# .....
...##...# #.# ....
.r.....######### #.# ..#
#hg............# #.# #+.#
##h.#...........# #.#
######..###..##...........# #.#
#...........###...........# #.#
#.........### #...........###
#.###......#### #..............
...........# #####...####...
#.###.....#############...####...
#.#..............................
#.##......#############...####...


You could see a gnoll, a jackal and a rat.

Vanquished Creatures
  A dart slug (D:1)
  3 goblins (D:1)
  A hobgoblin (D:1)
  A kobold (D:1)
  A bat (D:1)
7 creatures vanquished.

Notes
Turn   | Place    | Note
-------+----------+-------------------------------------------
     0 | D:1      | petercordia the Demonspawn Shapeshifter began the quest for
                  | the Orb.
     0 | D:1      | Reached XP level 1. HP: 15/15 MP: 1/1
   354 | D:1      | Gained mutation: You are partially covered in rugged brown
                  | scales. (AC +1, +3% HP) [demonic ancestry]
   354 | D:1      | Reached XP level 2. HP: 14/21 MP: 2/2
   566 | D:1      | Slain by a gnoll

Illustrated notes

Levels and vault maps discovered:
D:1:      psy_arrival_dodecagon, layout_basic,
          ebering_ecumenical_altar_abandoned, minmay_bisected

Skill      XL: |  1  2 |
---------------+-------+-----
Dodging        | 2 |  2.0
Fighting       | |  1.2
Unarmed Combat | |  2.9
Shapeshifting  | |  2.8

Action                     || total
---------------------------++-------
  Melee: Unarmed           ||    25
         Punch             ||     1
 Armour: Animal skin       ||    16
  Dodge: Dodged            ||    16
